AoeStats
← Ateir

Baltic

510545594Analyzed
2v2 RM · 19h ago on Oct 1, 2026· 27m 3s· 4 players
Game mode
Random Map
Map size
Medium (4 player)
Population
200
Speed
Normal
Resources
Standard
Victory
Conquest
Starting age
Dark Age
Ending age
Imperial Age
RankedLock teamsTeams togetherTeam positionsShared explorationLock speedFull tech treeHidden civsTurbo modeCheats
Victory
Defeat
🇦🇷 Vikings · Argentina
969
+14
🇦🇷 Koreans · Argentina
953
+15
🇳🇴 Danes · Norway
1005
-17
🇳🇴 Khmer · Norway
862
-12
SalatNOR
10:36 Feudal Age
9:10 Loom
12:30 Fishing Lines
15:48 Castle Age
13:34 Fishing Lines
14:08 Horse Collar
14:19 Double-Bit Axe
17:36 Fletching
20:29 Bodkin Arrow
21:20 Bow Saw
22:34 Medium Warships
23:01 Padded Archer Armor
25:52 Ballistics
Ateir
11:43 Feudal Age
11:10 Loom
12:49 Double-Bit Axe
14:28 Horse Collar
15:34 Wheelbarrow
18:34 Gold Mining
18:36 Stone Mining
24:37 Castle Age
25:30 Heavy Plow
27:09 Stone Shaft Mining
errejupe
7:53 Loom
10:02 Feudal Age
11:49 Fishing Lines
12:59 Horse Collar
18:42 Castle Age
16:55 Forging
18:41 Fletching
21:14 Medium Warships
21:47 Bodkin Arrow
23:18 Gillnets
23:25 Double-Bit Axe
23:45 Heavy Plow
25:06 Ballistics
24:57 Padded Archer Armor
27:04 Town Watch
27:49 Bow Saw
Brunito72
6:52 Loom
9:15 Feudal Age
10:02 Town Watch
13:46 Double-Bit Axe
17:16 Stone Mining
17:16 Gold Mining
20:10 Castle Age
22:11 Bow Saw
22:15 Fletching
23:58 Wheelbarrow
26:12 Bodkin Arrow
Connection lost

Rejoining the realm…

Still unreachable

The connection could not be restored.

Session expired

The server has moved on; the page needs a fresh start.